 Dungeon Crawl Stone Soup version 0.27-a0-1149-g4505690ab0 (webtiles) character file.

Game seed: 16856752303494569501

9 Azzok the Chopper (level 2, 14/24 HPs)
             Began as a Demonspawn Berserker on May 14, 2021.
             Was a Follower of Trog.
             Quit the game on level 1 of the Dungeon.
             The game lasted 00:00:17 (167 turns).

Azzok the Chopper (Demonspawn Berserker)             Turns: 167, Time: 00:00:18

Health: 14/24      AC:  3    Str: 17    XL:     2   Next: 3%
Magic:  2/2        EV: 12    Int:  8    God:    Trog [*.....]
Gold:   0          SH:  0    Dex: 12    Spells: 1/1 levels left

rFire    . . .     SeeInvis .   a - +0 hand axe
rCold    . . .     Faith    .   (no shield)
rNeg     . . .     Spirit   .   b - +0 animal skin
rPois    .         Reflect  .   (no helmet)
rElec    .         Harm     .   (no cloak)
rCorr    .         Rampage  .   (no gloves)
Will     .....                  (no boots)
Stlth    +.........             (no amulet)
HPRegen  0.08/turn              (no ring)
MPRegen  0.08/turn              (no ring)

@: no status effects
A: sharp scales 1
a: Renounce Religion, Berserk


You were on level 1 of the Dungeon.
You worshipped Trog.
Trog was aware of your devotion.
You visited 1 branch of the dungeon, and saw 1 of its levels.

Inventory:

Hand Weapons
 a - a +0 hand axe (weapon)
Armour
 b - a +0 animal skin (worn)
Scrolls
 c - a scroll of teleportation {unknown}


   Skills:
 - Level 3.0 Fighting
 + Level 3.2 Axes
 - Level 1.7 Armour
 - Level 1.7 Dodging


You had one spell level left.
You didn't know any spells.
Your spell library was empty.

Dungeon Overview and Level Annotations

Branches:
Dungeon (1/15)

Altars:


Innate Abilities, Weirdness & Mutations

You are partially covered in razor-sharp scales. (AC +1, Slay +1)


Message History

You barely miss the rat. The rat bites you.
You hit the rat.
The rat is moderately wounded.
The rat closely misses you.
You hit the rat.
You kill the rat!
Trog accepts your kill.
You hit the endoplasm but do no damage. The endoplasm closely misses you.
You barely miss the endoplasm. The endoplasm closely misses you.
You hit the endoplasm.
You kill the endoplasm!
Trog accepts your kill.
c - a scroll labelled ACKUNL XYXUTOMAME As you open the door, it creaks loudly!
An endoplasm comes into view.
The endoplasm quivers.
You hear a shout!
A kobold comes into view. It is wielding a +0 club.
Found 11 gold pieces.
There are monsters nearby!
There is an open door here.
The kobold throws a stone.
The stone misses you. The endoplasm barely misses you.
You hit the endoplasm.
The endoplasm is heavily wounded.
You barely miss the kobold. The endoplasm hits you.
The kobold hits you with a +0 club.
You hit the endoplasm.
You kill the endoplasm!
Trog accepts your kill.
You hit the kobold but do no damage. The kobold hits you with a +0 club.
The kobold closely misses you.
You see here 11 gold pieces.
You slash the kobold!
You kill the kobold!
Trog accepts your kill.
You have reached level 2!
Your demonic ancestry asserts itself...
Sharp scales grow over part of your body.
Are you sure you want to abandon this character and quit the game? (Confirm with "yes".)

▒▒▒·▒▒▒▒▒▒▒ ▒·▒ ▒·▒ ·†····▒
▒▒╬▒▒▒▒▒▒▒▒▒▒·▒ ······▒
▒▒···▒·········▒ ·▒▒·▒·▒▒
▒▒··············▒▒▒▒▒ ·▒▒·▒··▒▒
▒▒····················
·▒▒·▒···▒▒▒▒··············<····▒▒
·▒▒········╬···········8·····▒···
········▒▒▒▒··········♣········▒▒
▒▒▒·▒··▒▒ ▒··)@···········▒·▒▒
······▒▒ ▒▒··············▒·▒
▒▒▒·▒▒▒ ▒▒···▒·········▒·· ▒·▒
▒▒'▒▒▒▒▒▒▒▒▒▒▒▒ ▒▒ ▒·▒ ▒·▒ ▒·▒▒▒
▒·▒▒▒▒▒ ▒···▒ ▒▒·····▒ ▒▒▒·▒
▒▒··▒▒▒·▒ ▒·▒ ▒···▒▒


There were no monsters in sight!

Vanquished Creatures
  A bat (D:1)
  2 endoplasms (D:1)
  A hobgoblin (D:1)
  A kobold (D:1)
  3 rats (D:1)
8 creatures vanquished.

Notes
Turn   | Place    | Note
-------+----------+-------------------------------------------
     0 | D:1      | Azzok the Demonspawn Berserker began the quest for the Orb.
     0 | D:1      | Reached XP level 1. HP: 18/18 MP: 1/1
   167 | D:1      | Gained mutation: You are partially covered in razor-sharp
                  | scales. (AC +1, Slay +1) [demonic ancestry]
   167 | D:1      | Reached XP level 2. HP: 14/24 MP: 2/2
   167 | D:1      | Quit the game

Illustrated notes

Levels and vault maps discovered:
D:1:      wander_arrival_lonely_grave, layout_loops_corners

Skill      XL: |  1 |
---------------+----+-----
Axes           | 3 |  3.2
Fighting       | |  3.0
Armour         | |  1.7
Dodging        | |  1.7

Action                   || total
-------------------------++-------
Melee: Hand axe          ||    23
 Stab: Sleeping          ||     1
Armor: Animal skin       ||     3
Dodge: Dodged            ||    22

Table legend: (Time is in decaauts)
 A = Elapsed time spent in this place.
 B = Non-inter-level travel time spent in this place.
 C = Inter-level travel time spent in this place.
 D = Time resting spent in this place.
 E = Time spent auto-exploring this place.
 F = Levels seen in this place.
 G = Mean time per level.
                   A        B        C        D        E       F      G
               +--------+--------+--------+--------+--------+-----+--------+
         Total |    170 |    170 |      0 |      0 |    117 |   1 |  170.0 |
       Dungeon |    170 |    170 |      0 |      0 |    117 |   1 |  170.0 |
               +--------+--------+--------+--------+--------+-----+--------+

Top non-repeatable levels by time:
     D:1: 170 daAuts
